 Dungeon Crawl Stone Soup version 0.27.1-33-g824d729ab1 (webtiles) character file.

Game seed: 8813023504243255734

9 SeanCanFly the Covered (level 2, 27/27 HPs)
             Began as a Minotaur Fighter on Nov 25, 2021.
             Was a Follower of Nemelex Xobeh.
             Quit the game on level 1 of the Dungeon.
             The game lasted 00:01:43 (476 turns).

SeanCanFly the Covered (Minotaur Fighter)            Turns: 476, Time: 00:01:44

Health: 27/27      AC:  7    Str: 20    XL:     2   Next: 3%
Magic:  1/1        EV:  7    Int:  5    God:    Nemelex Xobeh [*.....]
Gold:   13         SH:  9    Dex:  9    Spells: 1/1 levels left

rFire    . . .     SeeInvis .   a - +0 flail
rCold    . . .     Faith    .   c - +0 kite shield
rNeg     . . .     Spirit   .   b - +0 scale mail
rPois    .         Reflect  .   (helmet restricted)
rElec    .         Harm     .   (no cloak)
rCorr    .         Rampage  .   (no gloves)
Will     .....                  (no boots)
Stlth    ..........             (no amulet)
HPRegen  0.09/turn              (no ring)
MPRegen  0.07/turn              (no ring)

@: no status effects
A: horns 2, retaliatory headbutt
a: Renounce Religion, Draw Escape, Draw Destruction, Draw Summoning


You were on level 1 of the Dungeon.
You worshipped Nemelex Xobeh.
Nemelex Xobeh was aware of your devotion.
You visited 1 branch of the dungeon, and saw 1 of its levels.

You collected 13 gold pieces.

Inventory:

Hand Weapons
 a - a +0 flail (weapon)
Armour
 b - a +0 scale mail (worn)
 c - a +0 kite shield (worn)
Scrolls
 e - a scroll of identify {unknown}
 f - 2 scrolls of enchant weapon {unknown}
 g - a scroll of magic mapping {unknown}
Potions
 d - 2 potions of might
 h - a potion of degeneration {unknown}


   Skills:
 + Level 3.8 Fighting
 * Level 2.9 Maces & Flails
 + Level 3.8 Armour
 + Level 3.8 Shields


You had one spell level left.
You didn't know any spells.
Your spell library was empty.

Dungeon Overview and Level Annotations

Branches:
Dungeon (1/15)

Altars:
Nemelex Xobeh


Innate Abilities, Weirdness & Mutations

You have a pair of horns on your head.
You reflexively headbutt those who attack you in melee.


Message History

a +0 dagger; a goblin corpse
Found a faded altar of an unknown god.
Found a coppery potion.
There is a faded altar of an unknown god here.
You cannot tell which god this altar belongs to.
Convert to them anyway?
Nemelex Xobeh accepts your prayer! Nemelex Xobeh welcomes you!
You can now draw from decks of power.
Nemelex will now gift you decks of power as you gain piety.
Okay, then.
h - a coppery potion Nemelex Xobeh deals you some cards!
You now have 8 destruction cards and 2 summoning cards.
Found 9 gold pieces.
A goblin comes into view. It is wielding a +0 club.
The goblin shouts!
You block the goblin's attack.
You barely miss the goblin. You block the goblin's attack.
The goblin hits you but does no damage.
You barely miss the goblin. The goblin hits you but does no damage.
You closely miss the goblin. You block the goblin's attack.
The goblin hits you but does no damage.
You sock the goblin!
You kill the goblin!
Things that are here:
a +0 club; a goblin corpse You now have 13 gold pieces (gained 9).
A kobold comes into view. It is wielding a +0 club.
The kobold shouts!
The kobold throws a stone.
The stone barely misses you.
A kobold is nearby!
The kobold throws a stone.
You block the stone.
The kobold throws a stone.
The stone hits you but does no damage.
You closely miss the kobold. Your headbutt misses the kobold.
The kobold hits you but does no damage. The kobold barely misses you.
You furiously retaliate!
You headbutt the kobold.
You kill the kobold!
You have reached level 2!
Unknown command.
Are you sure you want to abandon this character and quit the game? (Confirm with "yes".)

# #.# #.#+#........#
.. ..............#
#..............#
#..............#
##..............#
####.##..............#
.....#...............#
###..#..........@)...#
..........###........#
#......)..###..#+#####
...............#
..........####......
..........###..##### #
....#........... #
.#..#..##.####.## #
....#..#.... ... #


There were no monsters in sight!

Vanquished Creatures
  2 goblins (D:1)
  2 hobgoblins (D:1)
  3 kobolds (D:1)
7 creatures vanquished.

Notes
Turn   | Place    | Note
-------+----------+-------------------------------------------
     0 | D:1      | SeanCanFly the Minotaur Fighter began the quest for the
                  | Orb.
     0 | D:1      | Reached XP level 1. HP: 19/19 MP: 0/0
   420 | D:1      | Found a faded altar of an unknown god.
   436 | D:1      | Became a worshipper of Nemelex Xobeh the Trickster
   436 | D:1      | Reached * piety under Nemelex Xobeh
   453 | D:1      | Received a gift from Nemelex Xobeh
   476 | D:1      | Reached XP level 2. HP: 27/27 MP: 1/1
   476 | D:1      | Quit the game

Illustrated notes

Levels and vault maps discovered:
D:1:      pf_arrival_petrified_forest, layout_basic,
          ebering_ecumenical_altar_petrified, st_stairs_14

Action                   || total
-------------------------++-------
Melee: Flail             ||    19
       Headbutt          ||     2
Armor: Scale mail        ||    13
Dodge: Dodged            ||     4
Block: Kite shield       ||    14
